MapleLeafs vs Panthers

Created - October 14 2010 at 18:13

Goals
1 2 3 T
MapleLeafs 1 0 3 4
Panthers 2 0 1 3
Shots
1 2 3 T
MapleLeafs 9 16 13 38
Panthers 8 8 8 24

Period #1

1. Panthers , Jaroslav Spacek 1 (Chad Larose, Frans Nielsen) at 5:21
2. MapleLeafs , Steve Ott 1 (Vincent Lecavalier, Dan Hamhuis) at 12:11
3. Panthers , Martin Erat 2 (Chad Larose) at 16:04

Penalties :
Martin Erat (FLA) for Tripping (Minor) at 1:51, Stephane Robidas (FLA) for Hooking (Minor) at 12:39, Brad Stuart (FLA) for Tripping (Minor) at 17:30

Period #2

No Goal

Penalties :
Matt Greene (TOR) for Tripping (Minor) at 0:43, Craig Rivet (FLA) for Hooking (Minor) at 10:29, Craig Rivet (FLA) for Fighting (Major) at 13:06, Steve Ott (TOR) for Fighting (Major) at 13:06, Stephane Robidas (FLA) for Cross-checking (Minor) at 14:36, Anze Kopitar (FLA) for Roughing (Minor) at 19:07

Period #3

4. MapleLeafs , Mike Grier 1 (Luke Schenn, Mike Modano) at 7:13
5. MapleLeafs , Steve Ott 2 (Mike Grier, Mike Modano) at 8:09
6. Panthers , Anze Kopitar 2 (Andrew Brunette) at 12:34
7. MapleLeafs , Jason Arnott 2 (Joffrey Lupul) at 16:54

Penalties :
Alexei Ponikarovsky (FLA) for Slashing (Minor) at 1:37, Ian Laperriere (TOR) for Goalie Interference (Minor) at 3:40, Brad Stuart (FLA) for Hooking (Minor) at 8:30, Craig Rivet (FLA) for Hooking (Minor) at 9:11

Goalie Stats

Marty Turco (TOR), 21 saves from 24 shots - (0.875), W, 2-0-1, 60:00 minutes
Miikka Kiprusoff (FLA), 34 saves from 38 shots - (0.895), L, 2-1-0, 59:03 minutes

Players Stats

MapleLeafs
Player Name              G  A  P  +/- PIM S  H  SB FO    MP 
------------------------------------------------------------
Claude Giroux            0  0  0   1  0   4  0  0  0/0   22 
Dan Hamhuis              0  1  1   1  0   1  1  0  0/0   23 
Drew Doughty             0  0  0   0  0   2  1  0  0/0   25 
Ian Laperriere           0  0  0  -1  2   0  1  0  0/1   6  
Jason Arnott             1  0  1   1  0   4  0  0  21/32 17 
Joffrey Lupul            0  1  1   1  0   1  2  1  1/1   17 
Kyle Cumiskey            0  0  0   0  0   6  0  1  0/0   20 
Luke Schenn              0  1  1   0  0   0  3  3  0/0   20 
Matt Greene              0  0  0   0  2   2  1  1  0/0   15 
Mike Grier               1  1  2   0  0   3  0  0  1/1   14 
Mike Modano              0  2  2   0  0   1  0  0  10/18 12 
Nikolai Kulemin          0  0  0  -1  0   0  0  0  0/1   7  
Patrick Marleau          0  0  0   0  0   6  2  0  1/1   23 
Radek Martinek           0  0  0   1  0   1  1  1  0/0   16 
Sam Gagner               0  0  0   1  0   1  0  0  1/1   17 
Steve Ott                2  0  2   1  5   4  3  0  0/0   12 
Vernon Fiddler           0  0  0  -1  0   0  0  0  5/8   7  
Vincent Lecavalier       0  1  1   1  0   2  3  0  18/35 23 
Panthers
Player Name              G  A  P  +/- PIM S  H  SB FO    MP 
------------------------------------------------------------
Alexei Ponikarovsky      0  0  0  -3  2   1  3  0  0/4   14 
Andrew Brunette          0  1  1   1  0   2  0  0  1/3   15 
Anze Kopitar             1  0  1   1  2   6  2  0  10/17 18 
Brad Stuart              0  0  0  -3  4   0  2  3  0/0   21 
Brian Rafalski           0  0  0   1  0   1  2  3  0/0   23 
Chad Larose              0  2  2   1  0   0  2  0  0/0   18 
Craig Rivet              0  0  0   1  9   0  2  0  0/0   16 
Frans Nielsen            0  1  1   1  0   1  0  0  5/28  18 
Jaroslav Spacek          1  0  1   1  0   1  0  0  0/0   17 
Jason Chimera            0  0  0   0  0   0  0  0  0/0   3  
Marc-Andre Bergeron      0  0  0  -3  0   0  3  1  0/0   16 
Martin Erat              1  0  1   1  2   1  0  1  1/2   19 
Mathieu Darche           0  0  0   0  0   0  1  0  0/0   3  
Maxim Afinogenov         0  0  0  -3  0   3  0  0  0/0   16 
Mikael Samuelsson        0  0  0   1  0   4  1  0  0/0   14 
Rich Peverley            0  0  0  -3  0   3  0  0  11/21 16 
Ryan Potulny             0  0  0   0  0   0  0  0  13/24 12 
Stephane Robidas         0  0  0   1  4   1  6  0  0/0   24 

3 Stars

1 - Steve Ott (TOR)
2 - Mike Grier (TOR)
3 - Chad Larose (FLA)

Power Play

MapleLeafs - 0 on 9 Attempt(s) - 0.00%
Panthers - 0 on 2 Attempt(s) - 0.00%

Penalty Kill

MapleLeafs - 2 on 2 Attempt(s) - 100.00% - Score 0 goal in Penalty Kill
Panthers - 9 on 9 Attempt(s) - 100.00% - Score 0 goal in Penalty Kill

Game Notes

Craig Rivet and Steve Ott fight to a draw at 13:06 of 2nd period

Finance

Level 1 -- Attendance: 5728 (95.47%) -- Ticket Income $504,064.00
Level 2 -- Attendance: 5000 (100.00%) -- Ticket Income $190,000.00
Level 3 -- Attendance: 3142 (89.77%) -- Ticket Income $87,976.00
Level 4 -- Attendance: 2634 (70.24%) -- Ticket Income $47,412.00
Luxury Box -- Attendance: 1000 (100.00%) -- Ticket Income $188,000.00
Game was played at the BankAtlantic Center
Total Attendance: 17504 (90.93%)
Total Ticket Income: $1,071,163.00
Other Income: $210,687.00
Total Income: $1,281,850.00


Play by Play

Period #1

0:01 of 1st period - Andrew Brunette wins face-off versus Vincent Lecavalier in neutral zone.
0:01 of 1st period - Andrew Brunette is hit by Vincent Lecavalier.
0:08 of 1st period - Anze Kopitar is hit by Drew Doughty and loses puck.
0:25 of 1st period - Stephane Robidas is hit by Dan Hamhuis and loses puck.
0:44 of 1st period - Patrick Marleau is hit by Stephane Robidas and loses puck.
0:54 of 1st period - Off-side.
0:55 of 1st period - Mike Modano wins face-off versus Alexei Ponikarovsky in neutral zone.
1:16 of 1st period - Radek Martinek is hit by Alexei Ponikarovsky and loses puck.
1:42 of 1st period - Icing by Mike Grier.
1:43 of 1st period - Mike Modano wins face-off versus Frans Nielsen in MapleLeafs zone.
1:51 of 1st period - Minor Penalty to Martin Erat for Tripping.
1:52 of 1st period - Ryan Potulny wins face-off versus Vincent Lecavalier in Panthers zone.
2:06 of 1st period - Drew Doughty is hit by Brian Rafalski and loses puck.
2:26 of 1st period - Off-side.
2:27 of 1st period - Frans Nielsen wins face-off versus Jason Arnott in neutral zone.
3:17 of 1st period - Shot by Dan Hamhuis.
3:17 of 1st period - Shot Misses the Net.
3:19 of 1st period - Shot by Patrick Marleau.
3:19 of 1st period - Shot Misses the Net.
3:34 of 1st period - Shot by Claude Giroux.
3:34 of 1st period - Stopped by Miikka Kiprusoff without a rebound.
3:35 of 1st period - Jason Arnott wins face-off versus Ryan Potulny in Panthers zone.
4:06 of 1st period - Matt Greene is hit by Alexei Ponikarovsky.
4:11 of 1st period - Icing by Kyle Cumiskey.
4:12 of 1st period - Vernon Fiddler wins face-off versus Anze Kopitar in MapleLeafs zone.
4:38 of 1st period - Icing by Stephane Robidas.
4:39 of 1st period - Anze Kopitar wins face-off versus Vincent Lecavalier in Panthers zone.
4:50 of 1st period - Shot by Mikael Samuelsson.
4:50 of 1st period - Stopped by Marty Turco without a rebound.
4:51 of 1st period - Martin Erat wins face-off versus Mike Modano in MapleLeafs zone.
5:07 of 1st period - Chad Larose is hit by Luke Schenn.
5:19 of 1st period - Shot by Chad Larose.
5:19 of 1st period - Shot Blocked by Luke Schenn.
5:21 of 1st period - Shot by Jaroslav Spacek.
5:21 of 1st period - Goal by Jaroslav Spacek - MapleLeafs : 0 - Panthers : 1.
5:22 of 1st period - Vincent Lecavalier wins face-off versus Alexei Ponikarovsky in neutral zone.
5:28 of 1st period - Dan Hamhuis is hit by Marc-Andre Bergeron and loses puck.
5:42 of 1st period - Shot by Alexei Ponikarovsky.
5:42 of 1st period - Shot Misses the Net.
5:44 of 1st period - Shot by Rich Peverley.
5:44 of 1st period - Stopped by Marty Turco without a rebound.
5:45 of 1st period - Ryan Potulny wins face-off versus Jason Arnott in MapleLeafs zone.
5:46 of 1st period - Shot by Stephane Robidas.
5:46 of 1st period - Shot Blocked by Matt Greene.
5:49 of 1st period - Icing by Kyle Cumiskey.
5:50 of 1st period - Anze Kopitar wins face-off versus Jason Arnott in MapleLeafs zone.
5:54 of 1st period - Icing by Sam Gagner.
5:55 of 1st period - Jason Arnott wins face-off versus Frans Nielsen in MapleLeafs zone.
6:00 of 1st period - Shot by Matt Greene.
6:00 of 1st period - Stopped by Miikka Kiprusoff without a rebound.
6:01 of 1st period - Rich Peverley wins face-off versus Vincent Lecavalier in Panthers zone.
6:12 of 1st period - Icing by Rich Peverley.
6:13 of 1st period - Rich Peverley wins face-off versus Mike Modano in Panthers zone.
6:36 of 1st period - Shot by Steve Ott.
6:36 of 1st period - Stopped by Miikka Kiprusoff without a rebound.
6:37 of 1st period - Anze Kopitar wins face-off versus Vincent Lecavalier in Panthers zone.
6:37 of 1st period - Anze Kopitar is hit by Patrick Marleau.
6:48 of 1st period - Icing by Patrick Marleau.
6:49 of 1st period - Vincent Lecavalier wins face-off versus Frans Nielsen in MapleLeafs zone.
7:58 of 1st period - Shot by Brian Rafalski.
7:58 of 1st period - Shot Misses the Net.
8:00 of 1st period - Shot by Stephane Robidas.
8:00 of 1st period - Stopped by Marty Turco with a rebound.
8:24 of 1st period - Shot by Sam Gagner.
8:24 of 1st period - Stopped by Miikka Kiprusoff with a rebound.
9:45 of 1st period - Chad Larose is hit by Steve Ott and loses puck.
11:10 of 1st period - Shot by Anze Kopitar.
11:10 of 1st period - Shot Blocked by Luke Schenn.
11:15 of 1st period - Icing by Mike Modano.
11:16 of 1st period - Rich Peverley wins face-off versus Mike Modano in MapleLeafs zone.
11:23 of 1st period - Shot by Mike Grier.
11:23 of 1st period - Stopped by Miikka Kiprusoff with a rebound.
11:25 of 1st period - Shot by Mike Grier.
11:25 of 1st period - Stopped by Miikka Kiprusoff without a rebound.
11:26 of 1st period - Rich Peverley wins face-off versus Jason Arnott in Panthers zone.
12:09 of 1st period - Shot by Vincent Lecavalier.
12:09 of 1st period - Shot Misses the Net.
12:11 of 1st period - Shot by Steve Ott.
12:11 of 1st period - Goal by Steve Ott - MapleLeafs : 1 - Panthers : 1.
12:12 of 1st period - Vincent Lecavalier wins face-off versus Anze Kopitar in neutral zone.
12:25 of 1st period - Vincent Lecavalier is hit by Mikael Samuelsson and loses puck.
12:29 of 1st period - Luke Schenn is hit by Anze Kopitar and loses puck.
12:39 of 1st period - Minor Penalty to Stephane Robidas for Hooking.
12:40 of 1st period - Ryan Potulny wins face-off versus Vincent Lecavalier in Panthers zone.
13:20 of 1st period - Off-side.
13:21 of 1st period - Jason Arnott wins face-off versus Ryan Potulny in neutral zone.
13:24 of 1st period - Shot by Kyle Cumiskey.
13:24 of 1st period - Stopped by Miikka Kiprusoff without a rebound.
13:25 of 1st period - Jason Arnott wins face-off versus Frans Nielsen in Panthers zone.
13:39 of 1st period - Icing by Sam Gagner.
13:40 of 1st period - Jason Arnott wins face-off versus Ryan Potulny in MapleLeafs zone.
14:42 of 1st period - Shot by Anze Kopitar.
14:42 of 1st period - Stopped by Marty Turco with a rebound.
14:46 of 1st period - Shot by Anze Kopitar.
14:46 of 1st period - Stopped by Marty Turco without a rebound.
14:47 of 1st period - Mike Modano wins face-off versus Rich Peverley in MapleLeafs zone.
16:04 of 1st period - Shot by Martin Erat.
16:04 of 1st period - Goal by Martin Erat - MapleLeafs : 1 - Panthers : 2.
16:05 of 1st period - Vincent Lecavalier wins face-off versus Andrew Brunette in neutral zone.
16:05 of 1st period - Drew Doughty is hit by Anze Kopitar and loses puck.
16:34 of 1st period - Shot by Andrew Brunette.
16:34 of 1st period - Stopped by Marty Turco without a rebound.
16:35 of 1st period - Mike Modano wins face-off versus Frans Nielsen in MapleLeafs zone.
16:37 of 1st period - Icing by Luke Schenn.
16:38 of 1st period - Mike Modano wins face-off versus Frans Nielsen in MapleLeafs zone.
16:44 of 1st period - Icing by Steve Ott.
16:45 of 1st period - Mike Modano wins face-off versus Frans Nielsen in MapleLeafs zone.
17:23 of 1st period - Off-side.
17:24 of 1st period - Jason Arnott wins face-off versus Rich Peverley in neutral zone.
17:26 of 1st period - Sam Gagner is hit by Marc-Andre Bergeron and loses puck.
17:29 of 1st period - Shot by Jason Arnott.
17:29 of 1st period - Stopped by Miikka Kiprusoff with a rebound.
17:30 of 1st period - Minor Penalty to Brad Stuart for Tripping.
17:31 of 1st period - Vincent Lecavalier wins face-off versus Ryan Potulny in Panthers zone.
17:51 of 1st period - Patrick Marleau is hit by Brian Rafalski and loses puck.
18:30 of 1st period - Frans Nielsen is hit by Joffrey Lupul and loses puck.
18:51 of 1st period - Shot by Radek Martinek.
18:51 of 1st period - Shot Misses the Net.
19:08 of 1st period - Icing by Radek Martinek.
19:09 of 1st period - Ryan Potulny wins face-off versus Jason Arnott in MapleLeafs zone.

Period #2

0:01 of 2nd period - Vincent Lecavalier wins face-off versus Anze Kopitar in neutral zone.
0:29 of 2nd period - Shot by Claude Giroux.
0:29 of 2nd period - Stopped by Miikka Kiprusoff with a rebound.
0:36 of 2nd period - Off-side.
0:37 of 2nd period - Rich Peverley wins face-off versus Jason Arnott in neutral zone.
0:43 of 2nd period - Minor Penalty to Matt Greene for Tripping.
0:44 of 2nd period - Rich Peverley wins face-off versus Vernon Fiddler in MapleLeafs zone.
0:51 of 2nd period - Shot by Maxim Afinogenov.
0:51 of 2nd period - Stopped by Marty Turco with a rebound.
2:04 of 2nd period - Shot by Andrew Brunette.
2:04 of 2nd period - Stopped by Marty Turco without a rebound.
2:05 of 2nd period - Vernon Fiddler wins face-off versus Rich Peverley in MapleLeafs zone.
2:23 of 2nd period - Shot by Jaroslav Spacek.
2:23 of 2nd period - Shot Misses the Net.
2:25 of 2nd period - Shot by Maxim Afinogenov.
2:25 of 2nd period - Deflect By Rich Peverley.
2:25 of 2nd period - Stopped by Marty Turco with a rebound.
2:27 of 2nd period - Shot by Maxim Afinogenov.
2:27 of 2nd period - Stopped by Marty Turco without a rebound.
2:28 of 2nd period - Anze Kopitar wins face-off versus Ian Laperriere in MapleLeafs zone.
2:50 of 2nd period - Icing by Kyle Cumiskey.
2:51 of 2nd period - Ryan Potulny wins face-off versus Jason Arnott in MapleLeafs zone.
3:12 of 2nd period - Shot by Joffrey Lupul.
3:12 of 2nd period - Shot Misses the Net.
3:14 of 2nd period - Shot by Kyle Cumiskey.
3:14 of 2nd period - Shot Misses the Net.
3:16 of 2nd period - Shot by Jason Arnott.
3:16 of 2nd period - Stopped by Miikka Kiprusoff without a rebound.
3:17 of 2nd period - Vincent Lecavalier wins face-off versus Frans Nielsen in Panthers zone.
3:24 of 2nd period - Shot by Claude Giroux.
3:24 of 2nd period - Shot Misses the Net.
3:57 of 2nd period - Icing by Craig Rivet.
3:58 of 2nd period - Frans Nielsen wins face-off versus Mike Modano in Panthers zone.
3:58 of 2nd period - Martin Erat is hit by Steve Ott and loses puck.
5:06 of 2nd period - Shot by Anze Kopitar.
5:06 of 2nd period - Stopped by Marty Turco without a rebound.
5:07 of 2nd period - Vincent Lecavalier wins face-off versus Anze Kopitar in MapleLeafs zone.
5:27 of 2nd period - Claude Giroux is hit by Stephane Robidas and loses puck.
5:30 of 2nd period - Shot by Drew Doughty.
5:30 of 2nd period - Shot Misses the Net.
5:34 of 2nd period - Shot by Patrick Marleau.
5:34 of 2nd period - Deflect By Vincent Lecavalier.
5:34 of 2nd period - Shot Misses the Net.
5:38 of 2nd period - Shot by Patrick Marleau.
5:38 of 2nd period - Shot Misses the Net.
6:00 of 2nd period - Shot by Kyle Cumiskey.
6:00 of 2nd period - Stopped by Miikka Kiprusoff without a rebound.
6:01 of 2nd period - Jason Arnott wins face-off versus Frans Nielsen in Panthers zone.
6:09 of 2nd period - Icing by Chad Larose.
6:10 of 2nd period - Mike Grier wins face-off versus Frans Nielsen in Panthers zone.
6:36 of 2nd period - Off-side.
6:37 of 2nd period - Jason Arnott wins face-off versus Rich Peverley in neutral zone.
6:51 of 2nd period - Icing by Marc-Andre Bergeron.
6:52 of 2nd period - Rich Peverley wins face-off versus Vincent Lecavalier in Panthers zone.
7:54 of 2nd period - Shot by Mikael Samuelsson.
7:54 of 2nd period - Stopped by Marty Turco without a rebound.
7:55 of 2nd period - Jason Arnott wins face-off versus Frans Nielsen in MapleLeafs zone.
8:14 of 2nd period - Shot by Frans Nielsen.
8:14 of 2nd period - Stopped by Marty Turco with a rebound.
9:04 of 2nd period - Icing by Matt Greene.
9:05 of 2nd period - Anze Kopitar wins face-off versus Jason Arnott in MapleLeafs zone.
9:11 of 2nd period - Icing by Matt Greene.
9:12 of 2nd period - Jason Arnott wins face-off versus Alexei Ponikarovsky in MapleLeafs zone.
9:36 of 2nd period - Shot by Steve Ott.
9:36 of 2nd period - Shot Misses the Net.
9:38 of 2nd period - Shot by Mike Grier.
9:38 of 2nd period - Shot Blocked by Brad Stuart.
9:40 of 2nd period - Shot by Radek Martinek.
9:40 of 2nd period - Shot Blocked by Brad Stuart.
9:44 of 2nd period - Shot by Mike Grier.
9:44 of 2nd period - Shot Misses the Net.
9:48 of 2nd period - Shot by Steve Ott.
9:48 of 2nd period - Shot Misses the Net.
9:52 of 2nd period - Shot by Luke Schenn.
9:52 of 2nd period - Shot Blocked by Brad Stuart.
9:56 of 2nd period - Shot by Mike Grier.
9:56 of 2nd period - Shot Blocked by Marc-Andre Bergeron.
9:58 of 2nd period - Shot by Radek Martinek.
9:58 of 2nd period - Stopped by Miikka Kiprusoff without a rebound.
9:59 of 2nd period - Frans Nielsen wins face-off versus Vincent Lecavalier in Panthers zone.
10:26 of 2nd period - Shot by Vincent Lecavalier.
10:26 of 2nd period - Shot Misses the Net.
10:29 of 2nd period - Minor Penalty to Craig Rivet for Hooking.
10:30 of 2nd period - Ryan Potulny wins face-off versus Vincent Lecavalier in Panthers zone.
10:40 of 2nd period - Shot by Drew Doughty.
10:40 of 2nd period - Deflect By Patrick Marleau.
10:40 of 2nd period - Stopped by Miikka Kiprusoff without a rebound.
10:41 of 2nd period - Vincent Lecavalier wins face-off versus Ryan Potulny in Panthers zone.
10:41 of 2nd period - Patrick Marleau is hit by Stephane Robidas and loses puck.
11:02 of 2nd period - Shot by Patrick Marleau.
11:02 of 2nd period - Shot Misses the Net.
11:04 of 2nd period - Shot by Claude Giroux.
11:04 of 2nd period - Stopped by Miikka Kiprusoff without a rebound.
11:05 of 2nd period - Jason Arnott wins face-off versus Frans Nielsen in Panthers zone.
11:05 of 2nd period - Jason Arnott is hit by Stephane Robidas.
11:07 of 2nd period - Shot by Joffrey Lupul.
11:07 of 2nd period - Shot Misses the Net.
11:09 of 2nd period - Shot by Kyle Cumiskey.
11:09 of 2nd period - Stopped by Miikka Kiprusoff without a rebound.
11:10 of 2nd period - Jason Arnott wins face-off versus Frans Nielsen in Panthers zone.
11:33 of 2nd period - Shot by Jason Arnott.
11:33 of 2nd period - Stopped by Miikka Kiprusoff with a rebound.
11:35 of 2nd period - Shot by Kyle Cumiskey.
11:35 of 2nd period - Stopped by Miikka Kiprusoff without a rebound.
11:36 of 2nd period - Vincent Lecavalier wins face-off versus Ryan Potulny in Panthers zone.
11:39 of 2nd period - Shot by Claude Giroux.
11:39 of 2nd period - Shot Misses the Net.
11:44 of 2nd period - Shot by Drew Doughty.
11:44 of 2nd period - Deflect By Patrick Marleau.
11:44 of 2nd period - Stopped by Miikka Kiprusoff without a rebound.
11:45 of 2nd period - Vincent Lecavalier wins face-off versus Ryan Potulny in Panthers zone.
11:54 of 2nd period - Shot by Drew Doughty.
11:54 of 2nd period - Stopped by Miikka Kiprusoff without a rebound.
11:55 of 2nd period - Jason Arnott wins face-off versus Frans Nielsen in Panthers zone.
12:16 of 2nd period - Shot by Luke Schenn.
12:16 of 2nd period - Shot Misses the Net.
12:18 of 2nd period - Shot by Kyle Cumiskey.
12:18 of 2nd period - Stopped by Miikka Kiprusoff without a rebound.
12:19 of 2nd period - Vincent Lecavalier wins face-off versus Frans Nielsen in Panthers zone.
12:44 of 2nd period - Shot by Steve Ott.
12:44 of 2nd period - Deflect By Mike Modano.
12:44 of 2nd period - Stopped by Miikka Kiprusoff without a rebound.
12:45 of 2nd period - Vernon Fiddler wins face-off versus Anze Kopitar in Panthers zone.
12:46 of 2nd period - Shot by Ian Laperriere.
12:46 of 2nd period - Shot Misses the Net.
12:57 of 2nd period - Off-side.
12:58 of 2nd period - Mike Modano wins face-off versus Frans Nielsen in neutral zone.
13:06 of 2nd period - Craig Rivet and Steve Ott fight to a draw.
13:06 of 2nd period - Penalty to Craig Rivet for Fighting.
13:06 of 2nd period - Penalty to Steve Ott for Fighting.
13:07 of 2nd period - Vincent Lecavalier wins face-off versus Alexei Ponikarovsky in neutral zone.
13:18 of 2nd period - Shot by Patrick Marleau.
13:18 of 2nd period - Shot Misses the Net.
14:00 of 2nd period - Stephane Robidas is hit by Vincent Lecavalier and loses puck.
14:10 of 2nd period - Off-side.
14:11 of 2nd period - Vernon Fiddler wins face-off versus Frans Nielsen in neutral zone.
14:11 of 2nd period - Vernon Fiddler is hit by Chad Larose.
14:14 of 2nd period - Kyle Cumiskey is hit by Stephane Robidas and loses puck.
14:36 of 2nd period - Minor Penalty to Stephane Robidas for Cross-checking.
14:37 of 2nd period - Ryan Potulny wins face-off versus Jason Arnott in Panthers zone.
15:41 of 2nd period - Shot by Patrick Marleau.
15:41 of 2nd period - Stopped by Miikka Kiprusoff with a rebound.
15:43 of 2nd period - Shot by Drew Doughty.
15:43 of 2nd period - Stopped by Miikka Kiprusoff without a rebound.
15:44 of 2nd period - Ryan Potulny wins face-off versus Vincent Lecavalier in Panthers zone.
16:29 of 2nd period - Shot by Matt Greene.
16:29 of 2nd period - Stopped by Miikka Kiprusoff without a rebound.
16:30 of 2nd period - Jason Arnott wins face-off versus Frans Nielsen in Panthers zone.
16:40 of 2nd period - Icing by Nikolai Kulemin.
16:41 of 2nd period - Vernon Fiddler wins face-off versus Rich Peverley in MapleLeafs zone.
16:53 of 2nd period - Ian Laperriere is hit by Brad Stuart and loses puck.
17:26 of 2nd period - Icing by Marc-Andre Bergeron.
17:27 of 2nd period - Rich Peverley wins face-off versus Mike Modano in Panthers zone.
18:07 of 2nd period - Shot by Mikael Samuelsson.
18:07 of 2nd period - Stopped by Marty Turco without a rebound.
18:08 of 2nd period - Sam Gagner wins face-off versus Frans Nielsen in MapleLeafs zone.
18:43 of 2nd period - Jaroslav Spacek is hit by Joffrey Lupul and loses puck.
19:07 of 2nd period - Minor Penalty to Anze Kopitar for Roughing.
19:08 of 2nd period - Ryan Potulny wins face-off versus Vincent Lecavalier in Panthers zone.
19:21 of 2nd period - Shot by Claude Giroux.
19:21 of 2nd period - Shot Misses the Net.

Period #3

0:01 of 3rd period - Vincent Lecavalier wins face-off versus Frans Nielsen in neutral zone.
0:44 of 3rd period - Shot by Drew Doughty.
0:44 of 3rd period - Shot Misses the Net.
0:56 of 3rd period - Shot by Luke Schenn.
0:56 of 3rd period - Shot Misses the Net.
1:00 of 3rd period - Shot by Joffrey Lupul.
1:00 of 3rd period - Shot Misses the Net.
1:02 of 3rd period - Shot by Kyle Cumiskey.
1:02 of 3rd period - Stopped by Miikka Kiprusoff without a rebound.
1:03 of 3rd period - Ryan Potulny wins face-off versus Jason Arnott in Panthers zone.
1:14 of 3rd period - Shot by Alexei Ponikarovsky.
1:14 of 3rd period - Shot Misses the Net.
1:37 of 3rd period - Minor Penalty to Alexei Ponikarovsky for Slashing.
1:38 of 3rd period - Joffrey Lupul wins face-off versus Ryan Potulny in Panthers zone.
1:43 of 3rd period - Shot by Joffrey Lupul.
1:43 of 3rd period - Stopped by Miikka Kiprusoff without a rebound.
1:44 of 3rd period - Vincent Lecavalier wins face-off versus Ryan Potulny in Panthers zone.
1:55 of 3rd period - Shot by Claude Giroux.
1:55 of 3rd period - Shot Blocked by Martin Erat.
1:57 of 3rd period - Shot by Claude Giroux.
1:57 of 3rd period - Shot Blocked by Brian Rafalski.
1:59 of 3rd period - Shot by Claude Giroux.
1:59 of 3rd period - Stopped by Miikka Kiprusoff with a rebound.
3:08 of 3rd period - Icing by Jason Arnott.
3:09 of 3rd period - Jason Arnott wins face-off versus Frans Nielsen in MapleLeafs zone.
3:09 of 3rd period - Jason Arnott is hit by Chad Larose.
3:40 of 3rd period - Minor Penalty to Ian Laperriere for Goalie Interference.
3:41 of 3rd period - Anze Kopitar wins face-off versus Vincent Lecavalier in MapleLeafs zone.
4:05 of 3rd period - Shot by Brian Rafalski.
4:05 of 3rd period - Stopped by Marty Turco without a rebound.
4:06 of 3rd period - Rich Peverley wins face-off versus Vernon Fiddler in MapleLeafs zone.
4:06 of 3rd period - Maxim Afinogenov is hit by Radek Martinek and loses puck.
5:14 of 3rd period - Icing by Anze Kopitar.
5:15 of 3rd period - Vincent Lecavalier wins face-off versus Andrew Brunette in Panthers zone.
5:15 of 3rd period - Vincent Lecavalier is hit by Marc-Andre Bergeron.
5:28 of 3rd period - Icing by Marc-Andre Bergeron.
5:29 of 3rd period - Anze Kopitar wins face-off versus Vernon Fiddler in Panthers zone.
5:34 of 3rd period - Shot by Marc-Andre Bergeron.
5:34 of 3rd period - Shot Blocked by Radek Martinek.
5:36 of 3rd period - Shot by Brian Rafalski.
5:36 of 3rd period - Shot Misses the Net.
5:38 of 3rd period - Shot by Brian Rafalski.
5:38 of 3rd period - Shot Misses the Net.
5:43 of 3rd period - Icing by Matt Greene.
5:44 of 3rd period - Ryan Potulny wins face-off versus Jason Arnott in MapleLeafs zone.
5:56 of 3rd period - Jason Chimera is hit by Matt Greene and loses puck.
6:15 of 3rd period - Shot by Ryan Potulny.
6:15 of 3rd period - Shot Misses the Net.
6:17 of 3rd period - Shot by Ryan Potulny.
6:17 of 3rd period - Shot Misses the Net.
6:52 of 3rd period - Shot by Patrick Marleau.
6:52 of 3rd period - Stopped by Miikka Kiprusoff with a rebound.
6:54 of 3rd period - Shot by Vincent Lecavalier.
6:54 of 3rd period - Stopped by Miikka Kiprusoff without a rebound.
6:55 of 3rd period - Rich Peverley wins face-off versus Mike Modano in Panthers zone.
6:55 of 3rd period - Rich Peverley is hit by Steve Ott.
7:13 of 3rd period - Shot by Mike Grier.
7:13 of 3rd period - Goal by Mike Grier - MapleLeafs : 2 - Panthers : 2.
7:14 of 3rd period - Anze Kopitar wins face-off versus Vincent Lecavalier in neutral zone.
7:21 of 3rd period - Drew Doughty is hit by Craig Rivet and loses puck.
7:52 of 3rd period - Shot by Anze Kopitar.
7:52 of 3rd period - Stopped by Marty Turco without a rebound.
7:53 of 3rd period - Mike Modano wins face-off versus Rich Peverley in MapleLeafs zone.
8:01 of 3rd period - Icing by Rich Peverley.
8:02 of 3rd period - Mike Modano wins face-off versus Rich Peverley in Panthers zone.
8:09 of 3rd period - Shot by Steve Ott.
8:09 of 3rd period - Goal by Steve Ott - MapleLeafs : 3 - Panthers : 2.
8:10 of 3rd period - Jason Arnott wins face-off versus Ryan Potulny in neutral zone.
8:10 of 3rd period - Joffrey Lupul is hit by Mathieu Darche and loses puck.
8:30 of 3rd period - Minor Penalty to Brad Stuart for Hooking.
8:31 of 3rd period - Ryan Potulny wins face-off versus Vincent Lecavalier in Panthers zone.
8:31 of 3rd period - Ryan Potulny is hit by Vincent Lecavalier.
8:43 of 3rd period - Chad Larose is hit by Patrick Marleau and loses puck.
8:52 of 3rd period - Shot by Patrick Marleau.
8:52 of 3rd period - Shot Blocked by Brian Rafalski.
8:54 of 3rd period - Shot by Patrick Marleau.
8:54 of 3rd period - Shot Misses the Net.
9:00 of 3rd period - Shot by Dan Hamhuis.
9:00 of 3rd period - Stopped by Miikka Kiprusoff without a rebound.
9:01 of 3rd period - Jason Arnott wins face-off versus Ryan Potulny in Panthers zone.
9:08 of 3rd period - Shot by Jason Arnott.
9:08 of 3rd period - Shot Blocked by Brian Rafalski.
9:11 of 3rd period - Minor Penalty to Craig Rivet for Hooking.
9:12 of 3rd period - Jason Arnott wins face-off versus Frans Nielsen in Panthers zone.
9:21 of 3rd period - Shot by Joffrey Lupul.
9:21 of 3rd period - Shot Misses the Net.
9:23 of 3rd period - Shot by Kyle Cumiskey.
9:23 of 3rd period - Shot Misses the Net.
9:25 of 3rd period - Shot by Joffrey Lupul.
9:25 of 3rd period - Shot Misses the Net.
9:29 of 3rd period - Shot by Joffrey Lupul.
9:29 of 3rd period - Shot Misses the Net.
9:56 of 3rd period - Icing by Vincent Lecavalier.
9:57 of 3rd period - Ryan Potulny wins face-off versus Vincent Lecavalier in MapleLeafs zone.
11:23 of 3rd period - Steve Ott is hit by Brad Stuart and loses puck.
11:28 of 3rd period - Shot by Mike Modano.
11:28 of 3rd period - Shot Misses the Net.
11:41 of 3rd period - Shot by Steve Ott.
11:41 of 3rd period - Stopped by Miikka Kiprusoff without a rebound.
11:42 of 3rd period - Frans Nielsen wins face-off versus Nikolai Kulemin in Panthers zone.
11:42 of 3rd period - Frans Nielsen is hit by Ian Laperriere.
12:10 of 3rd period - Icing by Craig Rivet.
12:11 of 3rd period - Vincent Lecavalier wins face-off versus Frans Nielsen in Panthers zone.
12:22 of 3rd period - Shot by Patrick Marleau.
12:22 of 3rd period - Stopped by Miikka Kiprusoff without a rebound.
12:23 of 3rd period - Anze Kopitar wins face-off versus Mike Modano in Panthers zone.
12:34 of 3rd period - Shot by Anze Kopitar.
12:34 of 3rd period - Goal by Anze Kopitar - MapleLeafs : 3 - Panthers : 3.
12:35 of 3rd period - Patrick Marleau wins face-off versus Rich Peverley in neutral zone.
13:27 of 3rd period - Claude Giroux is hit by Stephane Robidas and loses puck.
13:43 of 3rd period - Shot by Anze Kopitar.
13:43 of 3rd period - Shot Misses the Net.
13:47 of 3rd period - Shot by Mikael Samuelsson.
13:47 of 3rd period - Stopped by Marty Turco without a rebound.
13:48 of 3rd period - Frans Nielsen wins face-off versus Mike Modano in MapleLeafs zone.
13:48 of 3rd period - Jaroslav Spacek is hit by Luke Schenn and loses puck.
13:58 of 3rd period - Shot by Steve Ott.
13:58 of 3rd period - Shot Misses the Net.
14:02 of 3rd period - Shot by Mike Modano.
14:02 of 3rd period - Shot Misses the Net.
14:06 of 3rd period - Shot by Steve Ott.
14:06 of 3rd period - Shot Misses the Net.
14:08 of 3rd period - Shot by Radek Martinek.
14:08 of 3rd period - Shot Misses the Net.
15:30 of 3rd period - Shot by Claude Giroux.
15:30 of 3rd period - Shot Misses the Net.
15:32 of 3rd period - Shot by Drew Doughty.
15:32 of 3rd period - Shot Misses the Net.
15:36 of 3rd period - Shot by Patrick Marleau.
15:36 of 3rd period - Shot Misses the Net.
15:38 of 3rd period - Shot by Patrick Marleau.
15:38 of 3rd period - Shot Misses the Net.
15:40 of 3rd period - Shot by Patrick Marleau.
15:40 of 3rd period - Stopped by Miikka Kiprusoff without a rebound.
15:41 of 3rd period - Jason Arnott wins face-off versus Rich Peverley in Panthers zone.
15:48 of 3rd period - Shot by Joffrey Lupul.
15:48 of 3rd period - Shot Misses the Net.
15:54 of 3rd period - Shot by Alexei Ponikarovsky.
15:54 of 3rd period - Shot Blocked by Kyle Cumiskey.
15:58 of 3rd period - Shot by Maxim Afinogenov.
15:58 of 3rd period - Shot Misses the Net.
16:00 of 3rd period - Shot by Brad Stuart.
16:00 of 3rd period - Shot Blocked by Joffrey Lupul.
16:02 of 3rd period - Shot by Maxim Afinogenov.
16:02 of 3rd period - Stopped by Marty Turco without a rebound.
16:03 of 3rd period - Rich Peverley wins face-off versus Vincent Lecavalier in MapleLeafs zone.
16:12 of 3rd period - Shot by Alexei Ponikarovsky.
16:12 of 3rd period - Shot Misses the Net.
16:16 of 3rd period - Shot by Alexei Ponikarovsky.
16:16 of 3rd period - Stopped by Marty Turco without a rebound.
16:17 of 3rd period - Vincent Lecavalier wins face-off versus Rich Peverley in MapleLeafs zone.
16:17 of 3rd period - Vincent Lecavalier is hit by Alexei Ponikarovsky.
16:27 of 3rd period - Shot by Vincent Lecavalier.
16:27 of 3rd period - Shot Misses the Net.
16:31 of 3rd period - Shot by Vincent Lecavalier.
16:31 of 3rd period - Stopped by Miikka Kiprusoff without a rebound.
16:32 of 3rd period - Jason Arnott wins face-off versus Martin Erat in Panthers zone.
16:32 of 3rd period - Jason Arnott is hit by Craig Rivet.
16:54 of 3rd period - Shot by Jason Arnott.
16:54 of 3rd period - Goal by Jason Arnott - MapleLeafs : 4 - Panthers : 3.
16:55 of 3rd period - Mike Modano wins face-off versus Anze Kopitar in neutral zone.
17:32 of 3rd period - Shot by Anze Kopitar.
17:32 of 3rd period - Shot Misses the Net.
17:34 of 3rd period - Shot by Stephane Robidas.
17:34 of 3rd period - Deflect By Andrew Brunette.
17:34 of 3rd period - Shot Misses the Net.
18:01 of 3rd period - Shot by Marc-Andre Bergeron.
18:01 of 3rd period - Shot Blocked by Luke Schenn.
18:07 of 3rd period - Shot by Maxim Afinogenov.
18:07 of 3rd period - Deflect By Alexei Ponikarovsky.
18:07 of 3rd period - Shot Misses the Net.
18:09 of 3rd period - Shot by Rich Peverley.
18:09 of 3rd period - Stopped by Marty Turco with a rebound.
18:12 of 3rd period - Alexei Ponikarovsky is hit by Luke Schenn and loses puck.
19:03 of 3rd period - Panthers, Miikka Kiprusoff is pulled from the net.
19:28 of 3rd period - Icing by Dan Hamhuis.
19:29 of 3rd period - Anze Kopitar wins face-off versus Vincent Lecavalier in MapleLeafs zone.
19:34 of 3rd period - Shot by Anze Kopitar.
19:34 of 3rd period - Stopped by Marty Turco without a rebound.
19:35 of 3rd period - Jason Arnott wins face-off versus Anze Kopitar in MapleLeafs zone.


Output by the SimonT Hockey Simulator (STHS) for Stephane Roy -- Original Page W3C XHTML 1.0 Valid